 Dungeon Sprint DCSS version 0.31-a0-846-gb3bcc0d938 (webtiles) character file.

Game seed: 4046572783195170972

558 sircluck the Grappler (level 7, -8/114 HPs)
             Began as a Troll Berserker on Oct 3, 2023.
             Was a Priest of Trog.
             Mangled by a sixfirhy (11 damage)
             ... summoned by a kobold demonologist
             ... in the Dungeon (Sprint I: "Red Sonja").
             The game lasted 00:00:43 (195 turns).

sircluck the Grappler (Troll Berserker)              Turns: 195, Time: 00:00:43

Health: -8/114     AC:  4    Str: 28    XL:     7   Next: 9%
Magic:  6/6        EV: 11    Int:  3    God:    Trog [***...]
Gold:   287        SH:  0    Dex:  9    Spells: 6/6 levels left

rFire   . .          .
                       - Unarmed
rCold   . . .        (no shield)
rNeg    . . .        a - +0 animal skin
rPois   .            (helmet restricted)
rElec   .            (no cloak)
rCorr   .            (gloves unavailable)
SInv    .            (boots unavailable)
Will    .....        (no amulet) Stlth
                     (no ring)
HPRegen 1.19/turn    (no ring)
MPRegen 0.10/turn

%: no teleportation
@: berserking, very quick
A: large, unfitting armour, claws 3, regeneration 1, shaggy fur 1, tough skin 1
a: Renounce Religion, Berserk, Trog's Hand


You were in the Dungeon.
You worshipped Trog.
Trog was most pleased with you.
You visited 1 branch You collected 287 gold pieces.

Inventory:

Armour
 a - a +0 animal skin (worn)
Wands
 h - a wand of mindburst (12)
Scrolls
 g - a scroll of blinking
Potions
 b - a potion of curing
 c - a potion of heal wounds
 d - a potion of haste
 e - 2 potions of magic
 f - a potion of berserk rage


   Skills:
 + Level 6.9 Fighting
 + Level 6.9 Dodging
 + Level 4.7 Stealth
 + Level 8.3 Unarmed Combat


You had 6 spell levels left.
You didn't know any spells.
Your spell library was empty.

Dungeon Overview and Level Annotations

Branches:
Dungeon (1/1)

Altars:
Makhleb
Sif Muna
Vehumet
Wu Jian
Xom
Jiyva
Lugonu


Innate Abilities, Weirdness & Mutations

You are too large for most types of armour.
You have claws for hands.
Your natural rate of healing is unusually fast.
You are covered in fur. (AC +1)
You have tough skin. (AC +1)


Message History

You feel yourself speed up.
You start waiting.
You recover from your berserk rage.
You open the door.
A kobold demonologist and a floating eye come into view.
A kobold demonologist comes into view. It is wielding a +0 dagger.
The kobold demonologist shouts!
The floating eye turns its gaze towards you.
The kobold demonologist shouts!
The floating eye's stare focuses on you.
The kobold demonologist mumbles some strange words.
There is an open door here.
You claw the floating eye!
The floating eye is heavily wounded.
The sixfirhy hits you but does no damage.
The sixfirhy barely misses you.
You mangle the floating eye!!
You kill the floating eye!
Trog accepts your kill. The sixfirhy misses you. The sixfirhy hits you!
The sixfirhy shocks you! The sixfirhy hits you. The sixfirhy shocks you!
The sixfirhy hits you! The sixfirhy shocks you!
* * * LOW HITPOINT WARNING * * *
Your Unarmed Combat skill increases to level 8!
You have reached level 7!
Unknown command.
The sixfirhy attacks as it pursues you! The sixfirhy misses you.
A red film seems to cover your vision as you go berserk!
You feel yourself moving faster!
You feel mighty!
You closely miss the sixfirhy. You barely miss the sixfirhy.
The sixfirhy hits you.
* * * LOW HITPOINT WARNING * * *
The sixfirhy shocks you!
* * * LOW HITPOINT WARNING * * *
The sixfirhy hits you!
* * * LOW HITPOINT WARNING * * *
The sixfirhy shocks you!
* * * LOW HITPOINT WARNING * * *
You miss the sixfirhy. The sixfirhy hits you!
You die...

######################
..)..#..'..#__#.@3K..#
..#..').#..'..'..#K..#
####'#####'#__####...+
#..# #)#### #### ####
#.# #_.+ ..._# #_.#+#
##+


You could see 2 kobold demonologists and a sixfirhy (summoned).

Vanquished Creatures
  A slime creature (D)
  Sigmund (D)
  A floating eye (D)
  An ogre (D)
  A jelly (D)
  Ijyb (D)
6 creatures vanquished.

Notes
Turn   | Place    | Note
-------+----------+-------------------------------------------
     0 | D        | sircluck the Troll Berserker began the quest for the Orb.
     0 | D        | Reached XP level 1. HP: 22/22 MP: 0/0
     1 | D        | Noticed Ijyb
    11 | D        | Killed Ijyb
    12 | D        | Reached skill level 1 in Stealth
    12 | D        | Reached skill level 4 in Unarmed Combat
    12 | D        | Reached XP level 2. HP: 21/31 MP: 1/1
    45 | D        | Noticed an ogre
    51 | D        | Killed an ogre
    52 | D        | Reached skill level 5 in Unarmed Combat
    52 | D        | Reached XP level 3. HP: 20/40 MP: 2/2
    52 | D        | Reached XP level 4. HP: 24/49 MP: 3/3
    86 | D        | Noticed Sigmund
    97 | D        | Killed Sigmund
    97 | D        | Reached ** piety under Trog
    98 | D        | Reached skill level 5 in Fighting
    98 | D        | Reached skill level 5 in Dodging
    98 | D        | Reached skill level 6 in Unarmed Combat
    98 | D        | Reached XP level 5. HP: 27/59 MP: 4/4
    98 | D        | Reached XP level 6. HP: 30/67 MP: 5/5
   142 | D        | Found an ornate altar of the Wu Jian Council.
   142 | D        | Found a shimmering blue altar of Sif Muna.
   144 | D        | Found a radiant altar of Vehumet.
   149 | D        | Reached skill level 7 in Unarmed Combat
   153 | D        | Found a burning altar of Makhleb.
   153 | D        | Found a viscous altar of Jiyva.
   153 | D        | Found a shimmering altar of Xom.
   153 | D        | Found a corrupted altar of Lugonu.
   153 | D        | Noticed a slime creature
   157 | D        | Killed a slime creature
   187 | D        | Noticed a kobold demonologist
   187 | D        | Noticed a floating eye
   188 | D        | Noticed a kobold demonologist
   189 | D        | Noticed a sixfirhy
   190 | D        | Killed a floating eye
   190 | D        | Reached *** piety under Trog
   191 | D        | Reached skill level 8 in Unarmed Combat
   191 | D        | Reached XP level 7. HP: 20/76 MP: 6/6
   194 | D        | HP: 2/114 [sixfirhy[a kobold demonologist] (11)]
   195 | D        | Mangled by a sixfirhy

Illustrated notes

Levels and vault maps discovered:
D:        dungeon_sprint_1 [red_sonja_temple_1, red_sonja_temple_small_1]

Skill      XL: |  1  2  3  4  5  6 |
---------------+-------------------+-----
Fighting       | 3 4 5 6 |  6.9
Dodging        | 3 4 5 6 |  6.9
Stealth        | 1 2 3 4 |  4.7
Unarmed Combat | 4 5 6 8 |  8.3

Action                     |  1- 3 |  4- 6 |  7- 9 || total
---------------------------+-------+-------+-------++-------
  Melee: Unarmed           |    14 |    15 |     3 ||    32
 Invoke: Berserk           |     1 |     1 |     1 ||     3
 Armour: Animal skin       |     5 |    13 |     3 ||    21
  Dodge: Dodged            |     2 |     3 |     1 ||     6

Table legend: (Time is in decaauts)
 A = Elapsed time spent in this place.
 B = Non-inter-level travel time spent in this place.
 C = Inter-level travel time spent in this place.
 D = Time resting spent in this place.
 E = Time spent auto-exploring this place.
 F = Levels seen in this place.
 G = Mean time per level.
                   A        B        C        D        E       F      G
               +--------+--------+--------+--------+--------+-----+--------+
         Total |    202 |    202 |      0 |     83 |     45 |   1 |  202.0 |
       Dungeon |    202 |    202 |      0 |     83 |     45 |   1 |  202.0 |
               +--------+--------+--------+--------+--------+-----+--------+

Top non-repeatable levels by time:
       D: 202 daAuts
